 Dungeon Crawl Stone Soup version 0.28-a0-1613-gdaab1c2f9b (webtiles) character file.

Game seed: 10253628930109009455

1465 vineage the Fighter (level 8, -1/54 HPs)
             Began as a Gargoyle Fighter on Jan 21, 2022.
             Slain by an ogre (12 damage)
             ... on level 6 of the Dungeon.
             The game lasted 00:04:25 (4824 turns).

vineage the Fighter (Gargoyle Fighter)              Turns: 4824, Time: 00:04:26

Health: -1/54      AC: 18    Str: 20    XL:     8   Next: 77%
Magic:  8/8        EV:  5    Int:  9    God:
Gold:   220        SH:  5    Dex: 11    Spells: 7/7 levels left

rFire   . . .      SeeInvis .   k - +3 short sword
rCold   + . .      Faith    .   c - +0 buckler
rNeg    + . .      Spirit   .   p - +0 plate armour
rPois   ∞          Reflect  .   (no helmet)
rElec   +          Harm     .   (no cloak)
rCorr   .          Rampage  .   (no gloves)
Will    .....                   (no boots)
Stlth   ..........              h - amulet of regeneration
HPRegen 0.98/turn               l - ring of protection from cold
MPRegen 0.11/turn               d - ring of flight

@: flying
A: sickness immunity, AC +5, negative energy resistance 1, electricity
resistance, torment resistance 1, petrification resistance
a: no special abilities


You were on level 6 of the Dungeon.
You visited 2 branches of the dungeon, and saw 7 of its levels.

You collected 220 gold pieces.

Inventory:

Hand Weapons
 a - a +0 flail
 k - a +3 short sword (weapon)
Armour
 b - a +0 scale mail
 c - a +0 buckler (worn)
 p - a +0 plate armour (worn)
Jewellery
 d - a ring of flight (right hand)
 h - an amulet of regeneration (around neck)
 l - a ring of protection from cold (left hand)
 m - a ring of magical power
 u - a +6 ring of dexterity
Scrolls
 f - a scroll of fog {unknown}
 g - a scroll of teleportation
 o - 2 scrolls of fear
 r - a scroll of acquirement {unknown}
 t - a scroll of summoning
 v - a scroll of amnesia
Potions
 e - 2 potions of curing
 i - a potion of attraction {unknown}
 j - a potion of lignification {unknown}
 n - a potion of degeneration {unknown}
 q - a potion of brilliance {unknown}
 s - a potion of flight {unknown}
 w - a potion of mutation {unknown}


   Skills:
 * Level 8.1 Fighting
 + Level 5.0 Maces & Flails
 + Level 6.1 Armour
 + Level 6.1 Shields


You had 7 spell levels left.
You didn't know any spells.
Your spell library contained the following spells:

 Spells                   Type           Power      Damage    Failure   Level
 Shock                    Conj/Air       0%         1d3       100%        1
 Summon Small Mammal      Summ           0%         N/A       100%        1
 Wereblood                Tmut           0%         N/A       100%        2
 Call Canine Familiar     Summ           0%         N/A       100%        3
 Inner Flame              Hex/Fire       0%         N/A       100%        3
 Summon Guardian Golem    Hex/Summ       0%         N/A       100%        3
 Swiftness                Air            0%         N/A       100%        3
 Airstrike                Air            0%         N/A       100%        4
 Cause Fear               Hex            0%         N/A       100%        4
 Summon Hydra             Summ           0%         N/A       100%        7
 Discord                  Hex            0%         N/A       100%        8
 Chain Lightning          Conj/Air       0%         N/A       100%        9
 Fire Storm               Conj/Fire      0%         5d1       100%        9
 Shatter                  Erth           0%         3d5*      100%        9
 Sublimation of Blood     Necr           Unusable   N/A       N/A         2

Dungeon Overview and Level Annotations

Branches:
Dungeon (6/15)             Temple (1/1) D:4

Altars:
Ashenzari
Cheibriados
Dithmenos
Elyvilon
Fedhas
Gozag
Kikubaaqudgha
Makhleb
Qazlal
Ru
Sif Muna
Uskayaw
Vehumet
Wu Jian
Xom
Zin
The Shining One


Innate Abilities, Weirdness & Mutations

You are immune to sickness and miasma.
Your stone body is resilient. (AC +5)
You are immune to poison.
You resist negative energy. (rN+)
You are resistant to electric shocks. (rElec)
You are resistant to unholy torment.
You are immune to petrification.


Message History

You block the ogre's attack.
You puncture the ogre!
The ogre is moderately wounded.
The ogre hits you with a +0 giant club!
You barely miss the ogre.
The ogre is moderately wounded.
You barely miss the ogre.
The ogre is moderately wounded.
You block the ogre's attack.
You puncture the ogre!
The ogre is heavily wounded.
The ogre hits you with a +0 giant club.
You barely miss the ogre.
The ogre is heavily wounded.
You block the ogre's attack.
You puncture the ogre!
The ogre is almost dead.
The ogre hits you but does no damage.
You hit the ogre.
The ogre is almost dead.
The ogre hits you with a +0 giant club.
You barely miss the ogre.
The ogre is almost dead.
The ogre hits you with a +0 giant club!!
* * * LOW HITPOINT WARNING * * *
You are too injured to fight recklessly!
You are too injured to fight recklessly!
You are too injured to fight recklessly!
You are too injured to fight recklessly!
You are too injured to fight recklessly!
You are too injured to fight recklessly!
You are too injured to fight recklessly!
You are too injured to fight recklessly!
You are too injured to fight recklessly!
You are too injured to fight recklessly!
You are too injured to fight recklessly!
You are too injured to fight recklessly!
You are too injured to fight recklessly!
You feel better. The ogre hits you with a +0 giant club!
You die...

.# #. .# ..##.
#.# ...... ...#
...... ##.....
......##.#...
...........#
#.....O....#
.......@...#
...............
...............
...#...........
## #...........
###.........
#.$.......
..........


You could see an ogre.

Vanquished Creatures
  Grinder (D:5)
  Sigmund (D:3)
  The ghost of ThreePoint314 the Conjurer, an amateur DsCj (D:3)
  Duvessa (D:5)
  A hornet zombie (D:5)
  An ice beast (D:3)
  A black bear (D:5)
  An ogre (D:5)
  A centaur (D:5)
  A phantom (D:3)
  Dowan (D:5)
  A centaur zombie (D:4)
  A jelly (D:4)
  A gnoll shaman (D:5)
  A hound (D:5)
  8 gnolls
  5 adders
  An ufetubus (D:5)
  A worm (D:3)
  A dart slug (D:1)
  An orc (D:3)
  7 ball pythons
  12 endoplasms
  2 giant cockroaches (D:3)
  7 hobgoblins
  4 jackals (D:5)
  9 kobolds
  2 quokkas
  10 bats
  5 frilled lizards
  3 rats
93 creatures vanquished.

Vanquished Creatures (others)
  2 plants (D:3)
2 creatures vanquished.

Grand Total: 95 creatures vanquished

Notes
Turn   | Place    | Note
-------+----------+-------------------------------------------
     0 | D:1      | vineage the Gargoyle Fighter began the quest for the Orb.
     0 | D:1      | Reached XP level 1. HP: 14/14 MP: 1/1
    79 | D:1      | Reached XP level 2. HP: 19/19 MP: 2/2
   586 | D:1      | Reached XP level 3. HP: 24/24 MP: 3/3
  1084 | D:2      | Reached skill level 4 in Fighting
  1452 | D:2      | Reached XP level 4. HP: 25/29 MP: 4/4
  2145 | D:2      | Found a faded altar of an unknown god.
  2177 | D:3      | Found a stormy altar of Qazlal.
  2214 | D:3      | Found a runed translucent gate.
  2220 | D:3      | Found a runed translucent gate.
  2220 | D:3      | Found a runed translucent gate.
  2221 | D:3      | Found an opulent altar of Gozag.
  2225 | D:3      | Noticed an ice beast
  2230 | D:3      | Noticed ThreePoint314's ghost (amateur DsCj)
  2280 | D:3      | Noticed a phantom
  2301 | D:3      | Killed a phantom
  2302 | D:3      | Reached XP level 5. HP: 13/34 MP: 5/5
  2800 | D:3      | Found a burning altar of Makhleb.
  2959 | D:3      | Noticed Sigmund
  2997 | D:3      | Killed Sigmund
  2998 | D:3      | Reached skill level 5 in Fighting
  2998 | D:3      | Reached XP level 6. HP: 8/40 MP: 6/6
  3310 | D:3      | Killed ThreePoint314's ghost
  3311 | D:3      | Reached XP level 7. HP: 45/45 MP: 7/7
  3325 | D:3      | Reached skill level 6 in Fighting
  3474 | D:4      | Found a staircase to the Ecumenical Temple.
  3484 | Temple   | Entered the Ecumenical Temple
  3652 | D:4      | Found an ancient bone altar of Kikubaaqudgha.
  3655 | D:4      | Found a snail-covered altar of Cheibriados.
  4045 | D:4      | Reached skill level 5 in Armour
  4045 | D:4      | Reached skill level 5 in Shields
  4091 | D:5      | Entered Level 5 of the Dungeon
  4161 | D:5      | Noticed Grinder
  4162 | D:5      | Paralysed by Grinder for 5 turns
  4175 | D:5      | Paralysed by Grinder for 3 turns
  4195 | D:5      | Killed Grinder
  4196 | D:5      | Reached skill level 7 in Fighting
  4196 | D:5      | Reached XP level 8. HP: 53/53 MP: 8/8
  4230 | D:5      | Noticed a +0 spear
  4230 | D:5      | Noticed a +0 falchion
  4230 | D:5      | Noticed a +0 spear
  4231 | D:5      | Noticed a +0 short sword
  4231 | D:5      | Noticed a +0 dagger
  4231 | D:5      | Noticed a +0 short sword
  4232 | D:5      | Noticed a +0 falchion
  4232 | D:5      | Noticed a +0 dagger
  4246 | D:5      | Found a hide-covered altar of Uskayaw.
  4299 | D:5      | Noticed Duvessa
  4299 | D:5      | Noticed Dowan
  4319 | D:5      | Killed Duvessa
  4326 | D:5      | Killed Dowan
  4492 | D:5      | Reached skill level 5 in Maces & Flails
  4543 | D:5      | Reached skill level 8 in Fighting
  4824 | D:6      | Slain by an ogre

Illustrated notes

Levels and vault maps discovered:
D:1:      dpeg_arrival_shrine, layout_rooms, st_stairs_12, grunt_decor_arrowhead
D:2:      layout_basic, dreamdust_ecumenical_altar_hidden_monk_grotto
D:3:      layout_loops_cross, mainiacjoe_overflow_tiny_flanked,
          lemuel_round_altar, ebering_ghost_gozag, minivault_11,
          minmay_statues_item, serial_bayou_pond_b, uniq_sigmund
D:4:      layout_loops_ring, mainiacjoe_overflow_large_starburst,
          temple_fountains
D:5:      layout_gridville, nicolae_uskayaw_en_pointe, wad_floor_pattern_1,
          item_on_display_a, uniq_grinder, uniq_duvessa
D:6:      layout_cave_pools, mainiacjoe_overflow_small_starburst,
          kennysheep_mini_moat, serial_shops, nicolae_shop_bloodbath_and_beyond
Temple:   minmay_temple_bridge_abc

Skill      XL: |  1  2  3  4  5  6  7  8 |
---------------+-------------------------+-----
Fighting       | 4 5 7 8 |  8.1
Armour         | 4 5 6 |  6.1
Shields        | 4 5 6 |  6.1
Maces & Flails | 3 4 5 |  5.0

Action                   |  1- 3 |  4- 6 |  7- 9 || total
-------------------------+-------+-------+-------++-------
Melee: Flail             |    99 |     2 |       ||   101
       Short sword       |       |    84 |   220 ||   304
  Use: Potion            |       |     2 |     4 ||     6
       Scroll            |       |     7 |     1 ||     8
Armor: Scale mail        |    63 |    16 |       ||    79
       Plate armour      |       |    39 |   184 ||   223
Dodge: Dodged            |    45 |    32 |    38 ||   115
Block: Buckler           |    22 |    12 |    64 ||    98

Table legend: (Time is in decaauts)
 A = Elapsed time spent in this place.
 B = Non-inter-level travel time spent in this place.
 C = Inter-level travel time spent in this place.
 D = Time resting spent in this place.
 E = Time spent auto-exploring this place.
 F = Levels seen in this place.
 G = Mean time per level.
                   A        B        C        D        E       F      G
               +--------+--------+--------+--------+--------+-----+--------+
         Total |   4922 |   4774 |    148 |      0 |   3940 |   7 |  703.1 |
       Dungeon |   4790 |   4665 |    125 |      0 |   3841 |   6 |  798.3 |
        Temple |    131 |    108 |     23 |      0 |     99 |   1 |  131.0 |
               +--------+--------+--------+--------+--------+-----+--------+

Top non-repeatable levels by time:
     D:2: 1262 daAuts
     D:3: 1227 daAuts
     D:1: 949 daAuts
     D:5: 746 daAuts
     D:4: 588 daAuts
  Temple: 131 daAuts
     D:6: 17 daAuts
